 Dungeon Crawl Stone Soup version 0.22-a0-779-g6f83d72c62 (webtiles) character file.

3003 Kholdaimon the Geomancer (level 9, 48/48 HPs)
             Began as a Gargoyle Earth Elementalist on July 19, 2018.
             Was an Initiate of Ashenzari.
             Quit the game on level 8 of the Dungeon on Aug 1, 2018.
             The game lasted 01:09:57 (9556 turns).

Kholdaimon the Geomancer (GrEE)                     Turns: 9556, Time: 01:09:57

Health: 48/48      AC: 24    Str: 12    XL:     9   Next: 84%
Magic:  15/15      EV: 10    Int: 19    God:    Ashenzari [......]
Gold:   364        SH:  0    Dex: 10    Spells: 1/16 levels left

rFire    . . .     SeeInvis .   P - +5 hunting sling (freeze)
rCold    . . .     Gourm    .   (no shield)
rNeg     + . .     Faith    +   T - +0 ring mail (curse)
rPois    ∞         Spirit   .   R - +0 helmet
rElec    +         Reflect  .   a - +0 cloak
rCorr    .         Harm     .   x - +1 pair of gloves
MR       .....                  M - +2 pair of boots {run} (curse)
Stlth    +.........             r - amulet of faith (curse)
HPRegen  0.16/turn              q - +5 ring of protection
MPRegen  0.14/turn              (no ring)

@: quick
A: negative energy resistance 1, electricity resistance, unbreathing,
petrification resistance, rot immunity, AC +6
a: Curse Item, Renounce Religion


You were on level 8 of the Dungeon.
You worshipped Ashenzari.
Ashenzari was noncommittal.
You were not hungry.

You visited 2 branches of the dungeon, and saw 9 of its levels.

You collected 364 gold pieces.

Inventory:

Hand Weapons
 e - a +0 dagger
 j - a +0 mace
 o - a +0 short sword
 y - a +0 long sword
 B - a +0 blowgun
 C - a +0 flail
 E - a +0 falchion
 I - a +2 dagger of venom
 O - a cursed +0 rapier
 P - a +5 hunting sling of freezing (weapon)
Missiles
 b - 87 stones
 p - 37 sling bullets (quivered)
 t - 34 poisoned needles
 K - 8 javelins
Armour
 a - a +0 cloak (worn)
 g - a +0 robe of fire resistance
 x - a +1 pair of gloves (worn)
 M - a cursed +2 pair of boots of running (worn)
 N - a +0 shield
 R - a +0 helmet (worn)
 T - a cursed +0 ring mail (worn)
Magical Staves
 z - an uncursed staff of power
Jewellery
 q - a +5 ring of protection (left hand)
 r - a cursed amulet of faith (around neck)
Wands
 c - a wand of paralysis (15)
 F - a wand of enslavement (14)
Scrolls
 f - 3 scrolls of amnesia
 m - 2 scrolls of magic mapping
 D - 3 scrolls of remove curse
 G - 2 scrolls of teleportation
 H - a scroll of enchant armour
 J - 2 scrolls of fog
 L - a scroll of enchant weapon
Potions
 h - 2 potions of agility
 i - a potion of resistance
 k - 5 potions of curing
 n - 2 potions of cancellation
 s - a potion of mutation {unknown}
 u - a potion of brilliance
 v - 2 potions of heal wounds
 w - 2 potions of invisibility
 A - a potion of might
 S - a potion of flight {unknown}
Comestibles
 d - 9 rations
 l - 14 chunks of flesh


   Skills:
 - Level 2.0 Fighting
 - Level 2.0 Armour
 - Level 2.0 Dodging
 - Level 2.4 Stealth
 * Level 5.1 Shields
 + Level 4.4 Spellcasting
 - Level 4.0 Conjurations
 - Level 4.0 Transmutations
 + Level 11.2 Earth Magic


You had one spell level left.
You knew the following spells:

 Your Spells              Type           Power        Failure   Level  Hunger
a - Sandblast             Erth           #####.       1%          1    None
b - Passwall              Tmut/Erth      ####....     1%          2    #......
c - Stone Arrow           Conj/Erth      ####..       3%          3    ###....
d - Petrify               Tmut/Erth      ####....     12%         4    ####...
e - Lee's Rapid Deconstr  Erth           #####.....   8%          5    ######.

Your spell library contained the following spells:

 Spells                   Type           Power        Failure   Level  Hunger


Dungeon Overview and Level Annotations

Branches:
Dungeon (8/15)             Temple (1/1) D:5
   Lair: D:8-11

Altars:
Ashenzari
Cheibriados
Dithmenos
Elyvilon
Gozag
Hepliaklqana
Kikubaaqudgha
Makhleb
Nemelex Xobeh
Okawaru
Ru
Sif Muna
Trog
Uskayaw
Vehumet
Wu Jian
Xom
Yredelemnul
Zin
The Shining One

Annotations:
D:5 1 runed door, Stone's ghost, novice FoGl


Innate Abilities, Weirdness & Mutations

You are resistant to torment.
Your stone body is resilient. (AC +6)
You are immune to poison.
You resist negative energy. (rN+)
You are resistant to electric shocks. (rElec)
You can survive without breathing.
You are immune to petrification.
You are immune to rotting.


Message History

p - 36 sling bullets (gained 1)
p - 37 sling bullets (gained 1)
r - an uncursed amulet of faith You feel a surge of divine interest.
r - an amulet of faith (around neck) Uncurse which item? (? for menu, Esc to quit)
Okay, then.
Curse which item? (4 remove curse scrolls left) (Esc to abort) (? for menu, Esc to quit)
Your amulet of faith glows black for a moment.
Things that are here:
an uncursed dagger; a +0 robe; an orc skeleton
Items here: )) [ † an uncursed dagger; an uncursed hand axe; a +0 leather armour; a kobold corpse You see here an uncursed short sword.
There is a stone staircase leading up here.
Saving game... please wait.
Welcome back, Kholdaimon the Gargoyle Earth Elementalist.
Ashenzari says: Partake of my vision.
Partake of my curse.
Press ? for a list of commands and other information.
Are you sure you want to abandon this character and quit the game? (Confirm with "yes".)

##.# #..# #.# .#.# ##.###
#.# ...#####...# #.#
#..)..####.#### #.#
....#....#....# #.#
.÷..####.####.### #.# ....#
#.####...## #.# ....#
#....###..# #.#
....#######.....@#### #.#
....................#####.#
..^.###############.......#
....# ######### ....# ....#
#####


There were no monsters in sight!

Vanquished Creatures
  A cyclops (D:6)
  Joseph (D:7)
  A hippogriff (D:8)
  A black bear (D:8)
  2 phantoms
  An orc warrior (D:8)
  2 ogres (D:7)
  A centaur (D:7)
  3 big kobolds
  3 bullfrogs
  A scorpion (D:5)
  2 crimson imps
  Crazy Yiuf (D:2)
  A bullfrog zombie (D:7)
  A jelly (D:5)
  A bullfrog skeleton (D:5)
  4 hounds
  3 orc priests
  8 orc wizards
  3 worker ants
  4 iguanas
  Terence (D:2)
  6 gnolls
  7 adders
  4 worms
  2 dart slugs
  2 leopard geckos
  19 orcs
  A ball python (D:6)
  4 giant cockroaches
  7 goblins
  8 hobgoblins
  4 jackals
  3 quokkas
  8 bats
  9 frilled lizards
  A jackal skeleton (D:4)
  24 kobolds
  A quokka skeleton (D:5)
  15 rats
171 creatures vanquished.

Notes
Turn   | Place    | Note
-------+----------+-------------------------------------------
     0 | D:1      | Kholdaimon the Gargoyle Earth Elementalist began the quest for the Orb.
     0 | D:1      | Reached XP level 1. HP: 10/10 MP: 3/3
   156 | D:1      | Reached XP level 2. HP: 15/15 MP: 3/5
   160 | D:1      | Learned a level 2 spell: Passwall
   431 | D:1      | Reached skill level 4 in Earth Magic
   765 | D:1      | Reached XP level 3. HP: 18/19 MP: 6/6
   964 | D:1      | Learned a level 3 spell: Stone Arrow
  1043 | D:2      | Noticed Terence
  1197 | D:2      | Killed Terence
  1197 | D:2      | Reached skill level 1 in Conjurations
  1197 | D:2      | Reached XP level 4. HP: 11/24 MP: 0/7
  1688 | D:2      | Found a runed door.
  1752 | D:2      | Reached skill level 5 in Earth Magic
  1811 | D:2      | Reached XP level 5. HP: 28/28 MP: 6/9
  2134 | D:2      | Noticed Crazy Yiuf
  2137 | D:2      | Killed Crazy Yiuf
  2785 | D:3      | Reached skill level 6 in Earth Magic
  2909 | D:3      | Reached XP level 6. HP: 25/32 MP: 2/10
  3827 | D:4      | Learned a level 4 spell: Petrify
  3878 | D:4      | Reached skill level 1 in Transmutations
  4569 | D:4      | Found a deep blue altar of Sif Muna.
  4670 | D:4      | Reached skill level 7 in Earth Magic
  4737 | D:4      | Reached XP level 7. HP: 32/36 MP: 9/11
  5180 | D:5      | Entered Level 5 of the Dungeon
  5376 | D:5      | Found an ancient bone altar of Kikubaaqudgha.
  5400 | D:5      | Found a runed door.
  5452 | D:5      | Noticed Stone's ghost (novice FoGl)
  5687 | D:5      | Found a shadowy altar of Dithmenos.
  5766 | D:5      | Found a staircase to the Ecumenical Temple.
  5778 | D:5      | Reached skill level 8 in Earth Magic
  5836 | Temple   | Entered the Ecumenical Temple
  6035 | Temple   | Became a worshipper of Ashenzari the Shackled
  6323 | D:6      | Reached XP level 8. HP: 41/41 MP: 5/12
  6484 | D:6      | Noticed a cyclops
  6504 | D:6      | Killed a cyclops
  6504 | D:6      | Reached skill level 9 in Earth Magic
  6506 | D:6      | Reached skill level 10 in Earth Magic
  6776 | D:6      | Found a shattered altar of Ashenzari.
  7528 | D:6      | Found a radiant altar of Vehumet.
  7535 | D:6      | Paralysed by an orc for 3 turns
  7679 | D:6      | Identified a +2 pair of boots of running (You found it on level 6 of the Dungeon)
  7987 | D:7      | Found an iron altar of Okawaru.
  8007 | D:7      | Reached skill level 1 in Fighting
  8007 | D:7      | Reached skill level 1 in Armour
  8007 | D:7      | Reached XP level 9. HP: 47/47 MP: 2/13
  8241 | D:7      | Noticed Joseph
  8271 | D:7      | Killed Joseph
  8971 | D:8      | Learned a level 5 spell: Lee's Rapid Deconstruction
  9221 | D:8      | Reached skill level 11 in Earth Magic
  9485 | D:8      | Reached skill level 5 in Shields
  9556 | D:8      | Quit the game

Vault maps used:
D:1:      dpeg_arrival_windows_large_door
D:2:      uniq_crazy_yiuf_cottage, uniq_terence
D:4:      old_standard_altar, minmay_small_thing
D:5:      grunt_dithmenos_shadows, overflow_temple_1_default,
          minmay_temple_entry_large_hall, ebering_ghost_sewer_d, first_ration
D:6:      cheibrodos_thug_alley, vehumet_crystals, nicolae_ashenzari_panopticon
D:7:      okawaru_trees_2, uniq_joseph
D:8:      grunt_livestock
Temple:   regret_index_temple_generic_petals

Skill      XL: |  1  2  3  4  5  6  7  8  9 |
---------------+----------------------------+-----
Earth Magic    | 4 5 6 7 8 10 11 | 11.2
Dodging        | 2 |  2.0
Conjurations   | 1 2 3 4 |  4.0
Spellcasting   | 3 4 |  4.4
Transmutations | 1 2 4 |  4.0
Fighting       | 1 2 |  2.0
Armour         | 1 2 |  2.0
Shields        | 5 |  5.1
Stealth        | |  2.4

Action                   |  1- 3 |  4- 6 |  7- 9 || total
-------------------------+-------+-------+-------++-------
Melee: Dagger            |    91 |     1 |    15 ||   107
       Falchion          |       |    12 |    13 ||    25
 Fire: Hunting sling     |    16 |   124 |   167 ||   307
       Blowgun           |       |    53 |    21 ||    74
 Cast: Sandblast         |    27 |    40 |    36 ||   103
       Stone Arrow       |       |     1 |    32 ||    33
       Petrify           |       |       |     6 ||     6
Invok: Curse Item        |       |       |     2 ||     2
Evoke: Wand              |       |       |     1 ||     1
  Use: Scroll            |       |    11 |     7 ||    18
 Stab: Sleeping          |     1 |       |       ||     1
       Petrified         |       |       |     3 ||     3
  Eat: Chunk             |     1 |    11 |    15 ||    27
       Ration            |       |       |     1 ||     1
Armor: Robe              |    60 |    24 |    61 ||   145
       Ring mail         |       |       |    14 ||    14
Dodge: Dodged            |   105 |    63 |    78 ||   246
       Rpst.: Falchion   |       |     1 |     5 ||     6

Table legend:
 A = Spawn XP
 B = Non-spawn XP
 C = Spawn XP percentage of total XP
 D = Spawn monster count
 E = Non-spawn monster count
 F = Spawn count percentage of total count
 G = Total turns spent on level
                    A         B        C        D         E        F      G
               +---------+---------+-------+---------+---------+-------+---------
         Total |       0 |    4290 |   0.0 |       0 |     171 |   0.0 |  9556
               +---------+---------+-------+---------+---------+-------+---------
           D:1 |       0 |      41 |   0.0 |       0 |      26 |   0.0 |  1023
           D:2 |       0 |     186 |   0.0 |       0 |      26 |   0.0 |  1331
           D:3 |       0 |     170 |   0.0 |       0 |      26 |   0.0 |  1359
           D:4 |       0 |     282 |   0.0 |       0 |      18 |   0.0 |  1467
           D:5 |       0 |     417 |   0.0 |       0 |      11 |   0.0 |   797
           D:6 |       0 |    1036 |   0.0 |       0 |      26 |   0.0 |  1672
           D:7 |       0 |    1062 |   0.0 |       0 |      10 |   0.0 |  1084
           D:8 |       0 |    1096 |   0.0 |       0 |      28 |   0.0 |   595
               +---------+---------+-------+---------+---------+-------+---------
